 Dungeon Crawl Stone Soup version 0.30-a0-458-g86641cc369 (webtiles) character file.

Game seed: 12833822165621426912

49 gelatine the Magician (level 3, -3/21 HPs)
             Began as an Octopode Hedge Wizard on Dec 15, 2022.
             Slain by a gnoll
             ... wielding a +0 halberd
              (9 damage)
             ... on level 2 of the Dungeon.
             The game lasted 00:01:57 (1139 turns).

gelatine the Magician (Octopode Hedge Wizard)       Turns: 1139, Time: 00:01:58

Health: -3/21      AC:  1    Str:  9    XL:     3   Next: 75%
Magic:  3/8        EV: 13    Int: 18    God:
Gold:   49         SH:  0    Dex: 11    Spells: 9/10 levels left

rFire   . . .      SeeInvis .    a - +0 dagger
rCold   . . .      Faith    .    (no shield)
rNeg    . . .      Spirit   .    b - +0 hat
rPois   .          Reflect  .    (no amulet)
rElec   .          Harm     .    (no ring)
rCorr   .          Rampage  .    (no ring)
Will    .....                    (no ring)
Stlth   +++.......               (no ring)
HPRegen 0.23/turn                (no ring)
MPRegen 0.11/turn                (no ring)
                                 (no ring)
                                 (no ring)

@: no status effects
A: almost no armour, amphibious, 8 rings, camouflage 1, gelatinous body 1,
(nimble swimmer 1), tentacles
a: no special abilities


You were on level 2 of the Dungeon.
You visited 1 branch of the dungeon, and saw 2 of its levels.

You collected 49 gold pieces.

Inventory:

Hand Weapons
 a - a +0 dagger (weapon)
Armour
 b - a +0 hat (worn)
Scrolls
 d - a scroll of fear {unknown}
 h - a scroll of identify {unknown}
Potions
 c - a potion of magic
 e - a potion of heal wounds {unknown}
 f - a potion of curing {unknown}
 g - a potion of might {unknown}


   Skills:
 * Level 2.3 Dodging
 * Level 3.1 Stealth
 + Level 4.0 Spellcasting
 + Level 1.1 Conjurations
 + Level 1.0 Summonings
 + Level 1.0 Translocations


You had 9 spell levels left.
You knew the following spells:

 Your Spells              Type           Power      Damage    Failure   Level
a - Magic Dart            Conj           28%        1d4       9%          1

Your spell library contained the following spells:

 Spells                   Type           Power      Damage    Failure   Level
 Shock                    Conj/Air       20%        1d4       12%         1
 Slow                     Hex            12%        N/A       14%         1
 Blink                    Tloc           14%        N/A       14%         2
 Call Imp                 Summ           7%         N/A       14%         2
 Cigotuvi's Dreadful Rot  Necr/Pois/Air  6%         N/A       22%         2
 Mephitic Cloud           Conj/Pois/Air  5%         N/A       36%         3
 Swiftness                Air            3%         N/A       41%         3
 Airstrike                Air            1%         2d(1-17)  82%         4


Dungeon Overview and Level Annotations

Branches:
Dungeon (2/15)

Altars:

Annotations:
D:2 Sigmund


Innate Abilities, Weirdness & Mutations

You cannot wear most types of armour.
You are amphibious.
You can wear up to eight rings at the same time.
Your skin changes colour to match your surroundings (Stealth+).
Your rubbery body absorbs attacks. (AC +1, EV +1)
((You are camouflaged when in or above water. (Stealth+)))
You have tentacles for arms and can constrict up to eight enemies at once.


Message History

The magic dart hits the gnoll.
The gnoll is almost dead.
The gnoll shouts!
You hear a shout!
The gnoll closely misses you.
A gnoll comes into view. It is wielding a +0 halberd.
The magic dart hits the gnoll but does no damage.
The gnoll is almost dead.
The rat closely misses you. The gnoll barely misses you.
The rat closely misses you. The gnoll attacks as you move away!
The gnoll misses you.
You hit the rat but do no damage. You grab the rat.
Your squeeze misses the rat. You constrict the rat.
The rat completely misses you.
You hit the rat but do no damage. You squeeze the rat.
You kill the rat!
The gnoll barely misses you.
You barely miss the gnoll. Your grab misses the gnoll. You squeeze the gnoll.
You kill the gnoll!
A kobold comes into view. It is wielding a +0 whip.
Found a spear.
Things that are here:
a +0 whip; a gnoll corpse You closely miss the gnoll.
You grab the gnoll. You squeeze the gnoll.
The gnoll is lightly wounded.
You constrict the gnoll, but do no damage.
The gnoll hits you with a +0 club.
You hit the gnoll. You squeeze the gnoll!
You kill the gnoll!
The kobold shouts!
The gnoll hits you from afar with a +0 halberd.
Your Spellcasting skill increases to level 4!
The gnoll hits you from afar with a +0 halberd!
* * * LOW HITPOINT WARNING * * *
Sigmund the Dreaded comes into view.
He is wielding a +0 scythe.
Things that are here:
a +0 club; a rat corpse You are too injured to fight recklessly!
Sigmund shouts!
The gnoll hits you with a +0 halberd!
You die...

..). #.#'## #...^.
#....@######
#..K..#....#
#........#.#
#......#.# .
#..)...#.# ..
#..)@###.#...
####.g...... ......
#....##.# ...... +..
##.$.# ......###+..
###...## .....
#..... #......#$..
...# #.....
#........... ...#
.....###....##.....
...######+#.......##
...#'


You could see Sigmund, a gnoll and a kobold.

Vanquished Creatures
  2 gnolls (D:2)
  An adder (D:2)
  4 ball pythons
  2 endoplasms (D:1)
  A giant cockroach (D:2)
  A goblin (D:2)
  2 hobgoblins
  A quokka (D:1)
  2 kobolds (D:1)
  3 rats
19 creatures vanquished.

Notes
Turn   | Place    | Note
-------+----------+-------------------------------------------
     0 | D:1      | gelatine the Octopode Hedge Wizard began the quest for the
                  | Orb.
     0 | D:1      | Reached XP level 1. HP: 11/11 MP: 4/4
   378 | D:1      | Reached XP level 2. HP: 17/17 MP: 3/6
   978 | D:2      | Reached XP level 3. HP: 21/21 MP: 5/8
  1138 | D:2      | Reached skill level 4 in Spellcasting
  1138 | D:2      | Noticed Sigmund
  1139 | D:2      | Slain by a gnoll

Illustrated notes

Levels and vault maps discovered:
D:1:      mushboom_english_gardens, layout_loops_ring
D:2:      layout_basic, serial_shops, nicolae_shop_hallway_plus, uniq_sigmund

Skill      XL: |  1  2  3 |
---------------+----------+-----
Stealth        | 3 |  3.1
Spellcasting   | 4 |  4.0
Dodging        | |  2.3
Conjurations   | |  1.1
Summonings     | |  1.0
Translocations | |  1.0

Action                   || total
-------------------------++-------
Melee: Dagger            ||    18
       Constrict         ||     6
       Punch             ||     1
       Tentacles         ||     4
 Cast: Magic Dart        ||    44
Armor: Skin              ||     1
Dodge: Dodged            ||    16

Table legend: (Time is in decaauts)
 A = Elapsed time spent in this place.
 B = Non-inter-level travel time spent in this place.
 C = Inter-level travel time spent in this place.
 D = Time resting spent in this place.
 E = Time spent auto-exploring this place.
 F = Levels seen in this place.
 G = Mean time per level.
                   A        B        C        D        E       F      G
               +--------+--------+--------+--------+--------+-----+--------+
         Total |   1138 |   1119 |     19 |      0 |   1002 |   2 |  569.0 |
       Dungeon |   1138 |   1119 |     19 |      0 |   1002 |   2 |  569.0 |
               +--------+--------+--------+--------+--------+-----+--------+

Top non-repeatable levels by time:
     D:1: 840 daAuts
     D:2: 298 daAuts
